 Dungeon Sprint DCSS version 0.18.1-6-gd335043 (webtiles) character file.

1402 Hipnos the Unseen (level 8, -6/37 HPs)
             Began as a Spriggan Enchanter on May 19, 2016.
             Was a Priest of Sif Muna.
             Shot with an arrow by a centaur warrior (23 damage)
             ... in the Dungeon (Sprint I: "Red Sonja").
             The game lasted 00:03:50 (830 turns).

Hipnos the Unseen (Spriggan Enchanter)               Turns: 830, Time: 00:03:52

Health: -6/37      AC:  3    Str:  8    XL:     8   Next: 42%
Magic:  19/23      EV: 22    Int: 18    God:    Sif Muna [***...]
Gold:   339        SH: 10    Dex: 17    Spells: 3 memorised, 21 levels left

rFire  . . .     SeeInvis +     l - +0 short sword (drain)
rCold  . . .     Gourm    .     b - +1 robe
rNeg   + + +     Faith    .     k - +3 buckler of Pandemonium {*Confuse +Blink rN+++ Str+4}
rPois  .         Spirit   .     (helmet restricted)
rElec  .         Dismiss  .     (no cloak)
rCorr  .         Reflect  .     (gloves unavailable)
SustAt .         Harm     .     (boots unavailable)
MR     +....     NoTele   +     (no amulet)
Stlth  +++++++...               (no ring)
                                (no ring)

@: very quick, somewhat resistant to hostile enchantments, extremely stealthy
A: unfitting armour, see invisible, herbivore 3, speed 3, slow metabolism 2
a: Channel Energy, Renounce Religion, Evoke Blink


You were in the Dungeon.
You worshipped Sif Muna.
Sif Muna was most pleased with you.
You were not hungry.

You visited 1 branch You collected 519 gold pieces.
You spent 180 gold pieces at shops.

Inventory:

Hand Weapons
 a - a +1 dagger
 l - a +0 short sword of draining (weapon)
Armour
 b - a +1 robe (worn)
 k - the +3 buckler of Pandemonium (worn) {*Confuse +Blink rN+++ Str+4}
   (You bought it in a shop in the Dungeon)

   It affects your strength (+4).
   It renders you almost immune to negative energy.
   It lets you blink.
   It may confuse you when you take damage.
Scrolls
 f - a scroll of immolation {unknown}
 j - a scroll of blinking
 m - a scroll of amnesia {unknown}
Potions
 e - 4 potions of curing
 g - a potion of haste
 h - 2 potions of magic
 i - a potion of mutation {unknown}
 n - a potion of brilliance {unknown}
Books
 c - a book of Maledictions

   Spells                             Type                      Level
   a - Corona                         Hexes                        1
   b - Ensorcelled Hibernation        Hexes/Ice                    2
   c - Confuse                        Hexes                        3
   d - Tukima's Dance                 Hexes                        3
   e - Dazzling Spray                 Conjuration/Hexes            3
Comestibles
 d - a bread ration


   Skills:
 + Level 1.0 Fighting
 + Level 2.0 Short Blades
 + Level 6.9 Dodging
 * Level 16.0 Stealth
 * Level 3.0 Shields
 * Level 10.2 Spellcasting
 * Level 13.3 Hexes
 + Level 1.5 Ice Magic


You had 21 spell levels left.
You knew the following spells:

 Your Spells              Type           Power        Failure   Level  Hunger
a - Corona                Hex            ######.      1%          1    None
b - Ensorcelled Hibernat  Hex/Ice        #####.       1%          2    None
c - Confuse               Hex            ######..     1%          3    None


Dungeon Overview and Level Annotations

Branches:
Dungeon (1/1)

Altars:
Elyvilon
Gozag
Kikubaaqudgha
Makhleb
Nemelex Xobeh
Okawaru
Pakellas
Qazlal
Ru
Sif Muna
Trog
Vehumet
Xom
Yredelemnul
Zin
The Shining One

Shops:
D [[


Innate Abilities, Weirdness & Mutations

You are tiny and cannot use many weapons and most armour.
You have supernaturally acute eyesight.
You are a herbivore.
You cover ground extremely quickly.
You need consume almost no food.


Message History

Aim: a centaur warrior (chance to defeat MR: 47%)
The centaur warrior resists with some effort.
The centaur warrior completely misses you.
The centaur warrior shoots an arrow.
The arrow hits you!
The centaur warrior completely misses you.
Casting: Ensorcelled Hibernation
Confirm with . or Enter, or press ? or * to list all spells.
Aiming: Ensorcelled Hibernation
Press: ? - help, Shift-Dir - straight line, f/p - centaur warrior
Aim: a centaur warrior (purple smoke, chance to defeat MR: 47%)
The centaur warrior looks drowsy...
The centaur warrior shoots an arrow.
The arrow closely misses you.
The centaur warrior shoots an arrow.
The arrow misses you.
The helpless centaur warrior fails to defend itself.
You spit the centaur warrior like a pig!!!
The centaur warrior is almost dead.
The centaur warrior hits you!
The centaur warrior shoots an arrow.
The arrow hits you!!
Ouch! That really hurt!
You die...

#############
#.)'..#.)'..#
'..#..'..#..+
#####'#####'# ##
####..#...#.####§§#
#__####..##.#§§§§c#
#_.___##'#..+§§§§§+
#_.∩...'|.._#§§§@c#
#_..._##_.#'##§####
#_____###'#.#.%..###
#########.####'###.##
+.).'.....'%∩#
#...########## ##.##
#+#


You could see 2 centaur warriors.

Vanquished Creatures
  Sonja (D)
  A deep troll (D)
  Sigmund (D)
  A yak (D)
  An ogre (D)
  A jelly (D)
  Ijyb (D)
7 creatures vanquished.

Vanquished Creatures (others)
  A gargoyle (D)
1 creature vanquished.

Grand Total: 8 creatures vanquished

Notes
Turn   | Place    | Note
--------------------------------------------------------------
     0 | D        | Hipnos the Spriggan Enchanter began the quest for the Orb.
     0 | D        | Reached XP level 1. HP: 9/9 MP: 5/5
     2 | D        | Noticed Ijyb
     9 | D        | Killed Ijyb
     9 | D        | Reached skill level 7 in Stealth
     9 | D        | Reached skill level 5 in Hexes
     9 | D        | Reached XP level 2. HP: 4/13 MP: 5/7
    70 | D        | Killed a gargoyle
   231 | D        | Learned a level 2 spell: Ensorcelled Hibernation
   232 | D        | Noticed an ogre
   251 | D        | Killed an ogre
   251 | D        | Reached skill level 9 in Stealth
   251 | D        | Reached skill level 5 in Spellcasting
   251 | D        | Reached XP level 3. HP: 7/16 MP: 0/10
   251 | D        | Reached XP level 4. HP: 9/21 MP: 0/12
   434 | D        | Learned a level 3 spell: Confuse
   434 | D        | Noticed Sigmund
   437 | D        | Killed Sigmund
   437 | D        | Reached skill level 5 in Dodging
   437 | D        | Reached skill level 11 in Stealth
   437 | D        | Reached skill level 10 in Hexes
   437 | D        | Reached skill level 1 in Ice Magic
   437 | D        | Reached XP level 5. HP: 24/24 MP: 12/15
   437 | D        | Reached XP level 6. HP: 28/28 MP: 13/17
   451 | D        | Found a deep blue altar of Sif Muna.
   453 | D        | Found a radiant altar of Vehumet.
   457 | D        | Became a worshipper of Sif Muna the Loreminder
   494 | D        | Found Poklax Isou's Antique Armour Emporium.
   494 | D        | Found a white marble altar of Elyvilon.
   494 | D        | Found a stormy altar of Qazlal.
   494 | D        | Found a burning altar of Makhleb.
   494 | D        | Found a sacrificial altar of Ru.
   494 | D        | Found an oddly glowing altar of Pakellas.
   494 | D        | Found a basalt altar of Yredelemnul.
   494 | D        | Found a glowing golden altar of the Shining One.
   494 | D        | Found a sparkling altar of Nemelex Xobeh.
   494 | D        | Found a shimmering altar of Xom.
   494 | D        | Found an opulent altar of Gozag.
   494 | D        | Found an ancient bone altar of Kikubaaqudgha.
   494 | D        | Found a glowing silver altar of Zin.
   494 | D        | Noticed a yak
   495 | D        | Found an iron altar of Okawaru.
   496 | D        | Killed a yak
   496 | D        | Reached * piety under Sif Muna
   496 | D        | Reached skill level 13 in Stealth
   497 | D        | Found a bloodstained altar of Trog.
   501 | D        | Bought a steaming buckler for 180 gold pieces
   506 | D        | Identified the +3 buckler of Pandemonium {*Confuse +Blink rN+++ Str+4} (You bought it in a shop in the Dungeon)
   513 | D        | Noticed Sonja
   519 | D        | Killed Sonja
   519 | D        | Reached ** piety under Sif Muna
   519 | D        | Reached skill level 15 in Stealth
   519 | D        | Reached XP level 7. HP: 22/32 MP: 13/20
   623 | D        | Noticed a deep troll
   661 | D        | Killed a deep troll
   661 | D        | Reached *** piety under Sif Muna
   661 | D        | Reached skill level 1 in Fighting
   661 | D        | Reached skill level 16 in Stealth
   661 | D        | Reached skill level 10 in Spellcasting
   661 | D        | Reached XP level 8. HP: 22/37 MP: 9/23
   801 | D        | Found Seeqaph's Armour Emporium.
   824 | D        | Noticed a centaur warrior
   825 | D        | Noticed a centaur warrior
   830 | D        | Shot with an arrow by a centaur warrior

Skill      XL: |  1  2  3  4  5  6  7 |
---------------+----------------------+-----
Stealth        | 7 9 11 15 16 | 16.0
Spellcasting   | 3 5 7 9 10 | 10.2
Hexes          | 5 7 10 12 13 | 13.3
Dodging        | 4 5 6 |  6.9
Ice Magic      | 1 |  1.5
Shields        | 2 3 |  3.0
Fighting       | 1 |  1.0
Short Blades   | 2 |  2.0

Action                   |  1- 3 |  4- 6 |  7- 9 || total
-------------------------+-------+-------+-------++-------
Melee: Dagger            |     8 |     5 |       ||    13
       Short sword       |       |       |    11 ||    11
 Cast: Ensorcelled Hiber |     4 |     2 |     2 ||     8
       Confuse           |       |       |     5 ||     5
  Use: Potion            |     1 |       |     2 ||     3
       Scroll            |       |     1 |       ||     1
 Stab: Sleeping          |     2 |     4 |     1 ||     7
       Confused          |       |       |     1 ||     1
Dodge: Dodged            |     5 |     4 |     9 ||    18
Block: Buckler           |       |       |     8 ||     8
